TOP OF THE 1ST |
Oklahoma City Dodgers batting - Pitching for Colorado Springs Sky Sox : RHP Don Boudreau
|
Pitching: RHP Don Boudreau
|
|
Batting: RHB Tim Nettles
|
0-0: Swinging Strike 0-1: Foul Ball, location: 2F 0-2: Ball 1-2: Ball 2-2: Ball 3-2: Base on Balls
|
Batting: RHB Sam Saunders
|
0-0: Ball 1-0: Fly out, F7 (Line Drive, 78M, EV 110.0 MPH)
|
Batting: SHB Ken Welch
|
0-0: Ball 1-0: Foul Ball, location: 2F 1-1: Swinging Strike 1-2: Ball 2-2: Foul Ball, location: 2F 2-2: Fly out, F9 (Flyball, 89S, EV 88.1 MPH)
|
Batting: RHB John Piccolo
|
0-0: Ball 1-0: Called Strike 1-1: Called Strike 1-2: Fielders Choice at 2nd, 6-4 (Groundball, 6, EV 104.4 MPH)
|
Top of the 1st over - 0 runs, 0 hits, 0 errors, 1 left on base; Oklahoma City 0 - Colorado Springs 0 |
BOTTOM OF THE 1ST |
Colorado Springs Sky Sox batting - Pitching for Oklahoma City Dodgers : RHP Jean-Michel Hamon
|
Pitching: RHP Jean-Michel Hamon
|
|
Batting: LHB Steve Gilliam
|
0-0: Ball 1-0: Ball 2-0: Ball 3-0: Called Strike 3-1: Base on Balls
|
Batting: RHB Ryan Rinaldi
|
0-0: Called Strike 0-1: Called Strike 0-2: Grounds into double play, 6-4-3 (Groundball, 6, EV 87.5 MPH)
|
Batting: LHB Chris Salim
|
0-0: Called Strike 0-1: Called Strike 0-2: Ball 1-2: SOLO HOME RUN (Flyball, 8RXD, EV 108.1 MPH), Distance : 425 ft
|
Batting: LHB Michael Krott
|
0-0: Ground out 4-3 (Groundball, 4, EV 100.0 MPH)
|
Bottom of the 1st over - 1 run, 1 hit, 0 errors, 0 left on base; Oklahoma City 0 - Colorado Springs 1 |
TOP OF THE 2ND |
Oklahoma City Dodgers batting - Pitching for Colorado Springs Sky Sox : RHP Don Boudreau
|
Batting: RHB Doug Hammertime
|
0-0: Foul Ball, location: 2F 0-1: Ball 1-1: Foul Ball, location: 2F 1-2: Ball 2-2: Ball 3-2: Ground out 6-3 (Groundball, 6, EV 86.2 MPH)
|
Batting: RHB Martin Chavez
|
0-0: Foul Ball, location: 2F 0-1: Ball 1-1: Foul Ball, location: 2F 1-2: Fly out, F8 (Flyball, 8RM, EV 81.9 MPH)
|
Batting: RHB Jeremy Giesler
|
0-0: Ball 1-0: Foul Ball, location: 2F 1-1: Swinging Strike 1-2: Ball 2-2: Strikes out swinging
|
Top of the 2nd over - 0 runs, 0 hits, 0 errors, 0 left on base; Oklahoma City 0 - Colorado Springs 1 |
BOTTOM OF THE 2ND |
Colorado Springs Sky Sox batting - Pitching for Oklahoma City Dodgers : RHP Jean-Michel Hamon
|
Batting: SHB Andy Vivas
|
0-0: Fly out, F9 (Flyball, 9LM, EV 98.8 MPH)
|
Batting: SHB Chris Besselman
|
0-0: Ball 1-0: Fly out, F8 (Flyball, 8RD, EV 100.6 MPH)
|
Batting: RHB Justin Williams
|
0-0: Ball 1-0: Ball 2-0: Swinging Strike 2-1: Ball 3-1: Base on Balls
|
Batting: SHB Bobby Santor
|
0-0: Ball 1-0: Ball 2-0: Called Strike 2-1: Ground out 4-3 (Groundball, 34, EV 98.1 MPH)
|
Bottom of the 2nd over - 0 runs, 0 hits, 0 errors, 1 left on base; Oklahoma City 0 - Colorado Springs 1 |
TOP OF THE 3RD |
Oklahoma City Dodgers batting - Pitching for Colorado Springs Sky Sox : RHP Don Boudreau
|
Batting: LHB Frank Mullen
|
0-0: Called Strike 0-1: Foul Ball, location: 2F 0-2: Ball 1-2: Ball 2-2: Strikes out swinging
|
Batting: RHB Jose Valtierra
|
0-0: Ball 1-0: Foul Ball, location: 2F 1-1: Ball 2-1: Foul Ball, location: 2F 2-2: Foul Ball, location: 2F 2-2: Ball 3-2: SINGLE (Line Drive, 9LS, EV 97.5 MPH)
|
Batting: RHB Tim Nettles
|
0-0: Ball 1-0: Ball 2-0: Foul Ball, location: 2F 2-1: Foul Ball, location: 2F 2-2: Foul Ball, location: 2F 2-2: Strikes out swinging
|
Batting: RHB Sam Saunders
|
0-0: Ball 1-0: Called Strike 1-1: Ground out 4-3 (Groundball, 34, EV 98.1 MPH)
|
Top of the 3rd over - 0 runs, 1 hit, 0 errors, 1 left on base; Oklahoma City 0 - Colorado Springs 1 |
BOTTOM OF THE 3RD |
Colorado Springs Sky Sox batting - Pitching for Oklahoma City Dodgers : RHP Jean-Michel Hamon
|
Batting: RHB Devine Adams
|
0-0: Ball 1-0: Called Strike 1-1: Foul Ball, location: 2F 1-2: Ball 2-2: Strikes out swinging
|
Batting: LHB Steve Gilliam
|
0-0: Foul Ball, location: 2F 0-1: Fly out, F9 (Flyball, 9D, EV 95.6 MPH)
|
Batting: RHB Ryan Rinaldi
|
0-0: Ball 1-0: Called Strike 1-1: Ball 2-1: Ball 3-1: SINGLE (Line Drive, 8LS, EV 87.5 MPH)
|
Batting: LHB Chris Salim
|
0-0: Ball 1-0: Ball 2-0: Ball 3-0: Called Strike 3-1: Foul Ball, location: 2F 3-2: Foul Ball, location: 2F 3-2: Base on Balls Ryan Rinaldi to second
|
Batting: LHB Michael Krott
|
0-0: Foul Ball, location: 2F 0-1: SINGLE (Groundball, 34S, EV 60.0 MPH) (infield hit) Ryan Rinaldi to third Chris Salim to second
|
Batting: SHB Andy Vivas
|
0-0: Called Strike 0-1: Ball 1-1: Ground out 4-3 (Groundball, 4, EV 80.6 MPH)
|
Bottom of the 3rd over - 0 runs, 2 hits, 0 errors, 3 left on base; Oklahoma City 0 - Colorado Springs 1 |
TOP OF THE 4TH |
Oklahoma City Dodgers batting - Pitching for Colorado Springs Sky Sox : RHP Don Boudreau
|
Batting: SHB Ken Welch
|
0-0: Ball 1-0: Ball 2-0: Called Strike 2-1: Foul Ball, location: 2F 2-2: Foul Ball, location: 2F 2-2: DOUBLE (Line Drive, 9LM, EV 109.4 MPH)
|
Batting: RHB John Piccolo
|
0-0: Called Strike 0-1: Called Strike 0-2: Foul Ball, location: 2F 0-2: Foul Ball, location: 2F 0-2: Strikes out swinging
|
Batting: RHB Doug Hammertime
|
0-0: Called Strike 0-1: Foul Ball, location: 2F 0-2: Ground out 3-1 (Groundball, 34S, EV 70.6 MPH) Ken Welch to third
|
Batting: RHB Martin Chavez
|
0-0: Foul Ball, location: 2F 0-1: Called Strike 0-2: Ball 1-2: Ball 2-2: Strikes out swinging
|
Top of the 4th over - 0 runs, 1 hit, 0 errors, 1 left on base; Oklahoma City 0 - Colorado Springs 1 |
BOTTOM OF THE 4TH |
Colorado Springs Sky Sox batting - Pitching for Oklahoma City Dodgers : RHP Jean-Michel Hamon
|
Batting: SHB Chris Besselman
|
0-0: Ball 1-0: Ball 2-0: Ball 3-0: Called Strike 3-1: Called Strike 3-2: Strikes out swinging
|
Batting: RHB Justin Williams
|
0-0: Ball 1-0: Called Strike 1-1: Called Strike 1-2: Ball 2-2: Strikes out looking
|
Batting: SHB Bobby Santor
|
0-0: Called Strike 0-1: Ball 1-1: Foul Ball, location: 2F 1-2: Foul Ball, location: 2F 1-2: Ball 2-2: Ground out 6-3 (Groundball, 6, EV 83.8 MPH)
|
Bottom of the 4th over - 0 runs, 0 hits, 0 errors, 0 left on base; Oklahoma City 0 - Colorado Springs 1 |
TOP OF THE 5TH |
Oklahoma City Dodgers batting - Pitching for Colorado Springs Sky Sox : RHP Don Boudreau
|
Batting: RHB Jeremy Giesler
|
0-0: Ball 1-0: Ball 2-0: Fly out, F8 (Flyball, 78M, EV 81.2 MPH)
|
Batting: LHB Frank Mullen
|
0-0: Ball 1-0: Foul Ball, location: 2F 1-1: Fly out, F8 (Flyball, 8LD, EV 88.1 MPH)
|
Batting: RHB Jose Valtierra
|
0-0: Ground out 5-3 (Groundball, 56, EV 90.0 MPH)
|
Top of the 5th over - 0 runs, 0 hits, 0 errors, 0 left on base; Oklahoma City 0 - Colorado Springs 1 |
BOTTOM OF THE 5TH |
Colorado Springs Sky Sox batting - Pitching for Oklahoma City Dodgers : RHP Jean-Michel Hamon
|
Batting: RHB Devine Adams
|
0-0: Called Strike 0-1: Ball 1-1: Foul Ball, location: 2F 1-2: Strikes out swinging
|
Batting: LHB Steve Gilliam
|
0-0: Ball 1-0: Ground out 4-3 (Groundball, 4M, EV 86.2 MPH)
|
Batting: RHB Ryan Rinaldi
|
0-0: Ground out 4-3 (Groundball, 4, EV 83.1 MPH)
|
Bottom of the 5th over - 0 runs, 0 hits, 0 errors, 0 left on base; Oklahoma City 0 - Colorado Springs 1 |
TOP OF THE 6TH |
Oklahoma City Dodgers batting - Pitching for Colorado Springs Sky Sox : RHP Don Boudreau
|
Batting: RHB Tim Nettles
|
0-0: Called Strike 0-1: Called Strike 0-2: Ball 1-2: Ball 2-2: Ball 3-2: Base on Balls
|
Batting: RHB Sam Saunders
|
0-0: Called Strike Tim Nettles is caught stealing 2nd base 2-4 0-1: Foul Ball, location: 2F 0-2: Ground out 6-3 (Groundball, 6, EV 93.8 MPH)
|
Batting: SHB Ken Welch
|
0-0: Ground out 5-3 (Groundball, 56, EV 101.2 MPH)
|
Top of the 6th over - 0 runs, 0 hits, 0 errors, 0 left on base; Oklahoma City 0 - Colorado Springs 1 |
BOTTOM OF THE 6TH |
Colorado Springs Sky Sox batting - Pitching for Oklahoma City Dodgers : RHP Jean-Michel Hamon
|
Batting: LHB Chris Salim
|
0-0: Called Strike 0-1: SOLO HOME RUN (Flyball, 9D, EV 95.0 MPH), Distance : 377 ft
|
Batting: LHB Michael Krott
|
0-0: Ball 1-0: Ground out 5-3 (Groundball, 15, EV 86.9 MPH)
|
Batting: SHB Andy Vivas
|
0-0: Ball 1-0: Fly out, F8 (Flyball, 8LM, EV 88.8 MPH)
|
Batting: SHB Chris Besselman
|
0-0: Ball 1-0: Called Strike 1-1: SOLO HOME RUN (Flyball, 7D, EV 98.1 MPH), Distance : 389 ft
|
Batting: RHB Justin Williams
|
0-0: Ball 1-0: Ball 2-0: Reached via error on a dropped throw from P, E3 (Groundball, 13, EV 64.4 MPH)
|
Batting: SHB Bobby Santor
|
0-0: Called Strike 0-1: Foul Ball, location: 2F 0-2: Ball 1-2: Foul Ball, location: 2F 1-2: Strikes out looking
|
Bottom of the 6th over - 2 runs, 2 hits, 1 error, 1 left on base; Oklahoma City 0 - Colorado Springs 3 |
TOP OF THE 7TH |
Oklahoma City Dodgers batting - Pitching for Colorado Springs Sky Sox : RHP Don Boudreau
|
Batting: RHB John Piccolo
|
0-0: Ball 1-0: SINGLE (Flyball, 89S, EV 96.9 MPH)
|
Batting: RHB Doug Hammertime
|
0-0: Called Strike 0-1: Ball 1-1: Fly out, F9 (Line Drive, 89M, EV 93.8 MPH)
|
Pitching: LHP Jay Turpin
|
|
Batting: RHB Martin Chavez
|
0-0: Ball 1-0: Foul Ball, location: 2F 1-1: Called Strike 1-2: Strikes out swinging
|
Batting: RHB Jeremy Giesler
|
0-0: Ball 1-0: Foul Ball, location: 2F 1-1: Ball 2-1: Called Strike 2-2: SINGLE (Groundball, 6MD, EV 100.0 MPH) John Piccolo to second
|
Pinch Hitting: RHB Nick Beggs
|
0-0: Ball 1-0: Ball 2-0: DOUBLE (Line Drive, 9LS, EV 113.8 MPH) John Piccolo scores Jeremy Giesler to third Runner from 3rd tries for Home, SAFE, no throw by RF
|
Batting: RHB Jose Valtierra
|
0-0: Ball 1-0: Called Strike 1-1: Ball 2-1: Foul Ball, location: 2F 2-2: Ball 3-2: Strikes out swinging
|
Top of the 7th over - 2 runs, 3 hits, 0 errors, 1 left on base; Oklahoma City 2 - Colorado Springs 3 |
BOTTOM OF THE 7TH |
Colorado Springs Sky Sox batting - Pitching for Oklahoma City Dodgers : RHP Jean-Michel Hamon
|
Now at SS: Curt Earnest
|
|
Batting: RHB Devine Adams
|
0-0: Ball 1-0: Called Strike 1-1: Ball 2-1: Ball 3-1: Fly out, F3 (Popup, 3SF, EV 86.2 MPH)
|
Batting: LHB Steve Gilliam
|
0-0: Swinging Strike 0-1: Called Strike 0-2: Ball 1-2: Foul Ball, location: 2F 1-2: Ball 2-2: Ball 3-2: Ground out 3-1 (Groundball, 34S, EV 79.4 MPH)
|
Batting: RHB Ryan Rinaldi
|
0-0: Called Strike 0-1: Foul Ball, location: 2F 0-2: Ball 1-2: Foul Ball, location: 2F 1-2: Foul Ball, location: 2F 1-2: Foul Ball, location: 2F 1-2: SINGLE (Line Drive, 8RS, EV 86.2 MPH)
|
Pitching: LHP Jake Hall
|
|
Batting: LHB Chris Salim
|
0-0: Foul Ball, location: 2F 0-1: Called Strike 0-2: SINGLE (Groundball, 34S, EV 75.0 MPH) (infield hit) Ryan Rinaldi to second
|
Batting: LHB Michael Krott
|
0-0: Ball 1-0: Ball 2-0: Foul Ball, location: 2F 2-1: Called Strike 2-2: Strikes out looking
|
Bottom of the 7th over - 0 runs, 2 hits, 0 errors, 2 left on base; Oklahoma City 2 - Colorado Springs 3 |
TOP OF THE 8TH |
Oklahoma City Dodgers batting - Pitching for Colorado Springs Sky Sox : LHP Jay Turpin
|
Now at SS: Cesar Arteaga
|
|
Batting: RHB Tim Nettles
|
0-0: Called Strike 0-1: Swinging Strike 0-2: Strikes out swinging
|
Batting: RHB Sam Saunders
|
0-0: Called Strike 0-1: Ball 1-1: Ball 2-1: Ball 3-1: Foul Ball, location: 2F 3-2: Foul Ball, location: 2F 3-2: Foul Ball, location: 2F 3-2: Base on Balls
|
Batting: SHB Ken Welch
|
0-0: Called Strike 0-1: SINGLE (Groundball, 2L, EV 71.9 MPH) (infield hit) Sam Saunders to second
|
Batting: RHB John Piccolo
|
0-0: Ball 1-0: Foul Ball, location: 2F 1-1: Ball 2-1: Fly out, F9 (Flyball, 9, EV 83.1 MPH)
|
Batting: RHB Doug Hammertime
|
0-0: Called Strike 0-1: Ball 1-1: Swinging Strike 1-2: Foul Ball, location: 2F 1-2: Strikes out swinging
|
Top of the 8th over - 0 runs, 1 hit, 0 errors, 2 left on base; Oklahoma City 2 - Colorado Springs 3 |
BOTTOM OF THE 8TH |
Colorado Springs Sky Sox batting - Pitching for Oklahoma City Dodgers : LHP Jake Hall
|
Batting: SHB Andy Vivas
|
0-0: Called Strike 0-1: Called Strike 0-2: Ball 1-2: Ball 2-2: Ball 3-2: Foul Ball, location: 2F 3-2: Strikes out looking
|
Batting: SHB Chris Besselman
|
0-0: Ball 1-0: Called Strike 1-1: Ground out 5-3 (Groundball, 56S, EV 71.2 MPH)
|
Batting: RHB Justin Williams
|
0-0: Fly out, F8 (Flyball, 8RM, EV 85.6 MPH)
|
Bottom of the 8th over - 0 runs, 0 hits, 0 errors, 0 left on base; Oklahoma City 2 - Colorado Springs 3 |
TOP OF THE 9TH |
Oklahoma City Dodgers batting - Pitching for Colorado Springs Sky Sox : LHP Jay Turpin
|
Pitching: RHP Jim Bruley
|
|
Batting: RHB Martin Chavez
|
0-0: Called Strike 0-1: Called Strike 0-2: Strikes out swinging
|
Batting: RHB Jeremy Giesler
|
0-0: Ball 1-0: Swinging Strike 1-1: Called Strike 1-2: Strikes out swinging
|
Batting: RHB Curt Earnest
|
0-0: Called Strike 0-1: Ball 1-1: Ball 2-1: Ball 3-1: Foul Ball, location: 2F 3-2: Foul Ball, location: 2F 3-2: Strikes out looking
|
Top of the 9th over - 0 runs, 0 hits, 0 errors, 0 left on base; Oklahoma City 2 - Colorado Springs 3 |
|